 Dungeon Crawl Stone Soup version 0.31-a0-750-gfe7b580527 (webtiles) character file.

Game seed: 11825011704937828872

114 LeprechaunX the Changeling (level 4, -3/29 HPs)
             Began as an Octopode Shapeshifter on Sept 14, 2023.
             Slain by a sleepcap (5 damage)
             ... on level 4 of the Dungeon.
             The game lasted 00:02:38 (2839 turns).

LeprechaunX the Changeling (Octopode Shapeshifter)  Turns: 2839, Time: 00:02:39

Health: -3/29      AC:  1    Str: 15    XL:     4   Next: 98%
Magic:  4/4        EV: 13    Int: 12    God:
Gold:   116        SH:  4    Dex: 11    Spells: 3/3 levels left

rFire   . .          .
                       - Unarmed
rCold   . . .        k - +0 buckler
rNeg    + . .        (helmet currently unavailable)
rPois   .            (no amulet)
rElec   .            i - ring of willpower
rCorr   +            m - ring of resist corrosion
SInv    .            p - ring of positive energy
Will    +....        (no ring)
Stlth   ++           (no ring)
HPRegen 0.24/turn    (no ring)
MPRegen 0.09/turn    (no ring)
                     (no ring)

%: no passive effects
@: beast-form
A: beast (slay +2), almost no armour, amphibious, 8 rings, camouflage 1,
gelatinous body 1, (nimble swimmer 1), tentacles
a: Begin Untransformation


You were on level 4 of the Dungeon.
You were a hulking beast.
You visited 1 branch of the dungeon, and saw 4 of its levels.

You collected 116 gold pieces.

Inventory:

Armour
 k - a +0 buckler (worn)
Jewellery
 i - a ring of willpower (left tentacle)
 m - a ring of resist corrosion (right tentacle)
 p - a ring of positive energy (on tentacle)
 q - a ring of ice
Talismans
 b - a beast talisman (active)
 c - a flux talisman
Scrolls
 d - a scroll of fear {unknown}
 e - a scroll of identify {unknown}
 h - a scroll of summoning {unknown}
 j - a scroll of amnesia {unknown}
 l - a scroll of teleportation {unknown}
 r - 3 scrolls of revelation {unknown}
Potions
 a - 2 potions of lignification
 f - 3 potions of curing {unknown}
 g - a potion of attraction {unknown}
 n - a potion of might {unknown}
 o - a potion of brilliance {unknown}
 s - a potion of degeneration {unknown}


   Skills:
 + Level 2.0 Fighting
 + Level 2.7 Dodging
 + Level 0.9 Shields
 + Level 3.5 Unarmed Combat
 * Level 4.0 Shapeshifting


You had 3 spell levels left.
You didn't know any spells.
Your spell library contained the following spells:

 Spells                   Type           Power      Damage    Failure   Level
 Volatile Blastmotes      Fire/Tloc      0%         2d10      80%         3
 Fulminant Prism          Conj/Hex       0%         3d5       99%         4
 Iskenderun's Mystic Bla  Conj/Tloc      0%         2d3       99%         4


Dungeon Overview and Level Annotations

Branches:
Dungeon (4/15)
 Temple: D:4-7

Altars:


Innate Abilities, Weirdness & Mutations

You are a hulking beast.
Your limbs bulge with bestial killing power. (Slay +2)
You cannot wear most types of armour.
You are amphibious.
You can wear up to eight rings at the same time.
Your skin changes colour to match your surroundings (Stealth+).
Your rubbery body absorbs attacks. (AC +1, EV +1)
((You are camouflaged when in or above water. (Stealth+)))
You have tentacles for arms and can constrict up to eight enemies at once.


Message History

You kill the orc wizard!
Your Fighting skill increases to level 2!
Your Shapeshifting skill increases to level 4!
You closely miss the orc. Your grab misses the orc.
Your squeeze misses the orc. The orc hits you with a +0 club.
You barely miss the orc. Your grab misses the orc. Your squeeze misses the orc.
The orc hits you with a +0 club.
You barely miss the orc. Your grab misses the orc. You squeeze the orc.
The orc is lightly wounded.
The orc priest casts a cantrip, but nothing happens.
You tentacle-slap the orc. Your grab misses the orc.
The orc is almost dead.
The orc hits you with a +0 club.
You closely miss the orc. Your grab misses the orc. You squeeze the orc.
You kill the orc!
You tentacle-slap the sleepcap. You grab the sleepcap.
The sleepcap is lightly damaged.
You constrict the sleepcap. The sleepcap closely misses you.
You tentacle-slap the sleepcap but do no damage.
The sleepcap is moderately damaged.
You constrict the sleepcap. The sleepcap closely misses you.
You tentacle-slap the sleepcap.
The sleepcap is heavily damaged.
You constrict the sleepcap. You block the sleepcap's attack.
You tentacle-slap the sleepcap but do no damage.
The sleepcap is heavily damaged.
You constrict the sleepcap. The sleepcap releases spores at you.
You are engulfed in a cloud of soporific spores!
You fall asleep.
You lose your grip on the sleepcap.
The sleepcap releases spores at you!!
You wake up.
Ouch! That really hurt!
* * * LOW HITPOINT WARNING * * *
You are engulfed in a cloud of soporific spores!
You are unaffected.
You tentacle-slap the sleepcap. You grab the sleepcap.
The sleepcap is severely damaged.
You constrict the sleepcap, but do no damage.
The sleepcap releases spores at you.
You die...

.........#....#.....
.........##.#.#.....
.####...###)#.#.....
##....##.....# #
##...###.....## #.
#.....##.....##.>
##..##.#.?.............
#......##....###.......
###h#....## #.......
..###of##....##.#.......
.......o.............#...
......##.#.....#..#.....#
...... #o...............#
.........f..........
...#.####o.......... B..#
o..o........ ..
##...........


You could see a sleepcap, an orc priest and an orc.

Vanquished Creatures
  An orc wizard (D:4)
  2 adders
  3 worms (D:2)
  2 dart slugs (D:2)
  3 orcs
  6 endoplasms
  2 giant cockroaches
  2 goblins (D:2)
  6 hobgoblins
  6 jackals (D:2)
  3 kobolds
  5 ball pythons
  8 bats
  3 frilled lizards
  4 rats
56 creatures vanquished.

Notes
Turn   | Place    | Note
-------+----------+-------------------------------------------
     0 | D:1      | LeprechaunX the Octopode Shapeshifter began the quest for
                  | the Orb.
     0 | D:1      | Reached XP level 1. HP: 13/13 MP: 1/1
    79 | D:1      | Reached XP level 2. HP: 18/18 MP: 2/2
   851 | D:2      | Reached XP level 3. HP: 18/23 MP: 3/3
  1452 | D:2      | Reached XP level 4. HP: 10/29 MP: 4/4
  2829 | D:4      | Reached skill level 4 in Shapeshifting
  2839 | D:4      | Slain by a sleepcap

Illustrated notes

Levels and vault maps discovered:
D:1:      minmay_arrival_wavy_path, layout_basic
D:2:      layout_basic, serial_aquarium, aquarium_bridge_square
          [aquarium_subvault_bridge, aquarium_subvault_balcony,
          aquarium_subvault_bridge, aquarium_subvault_bridge],
          aquarium_window_corridor_1, aquarium_window_1, aquarium_view_2b,
          aquarium_view_2e, aquarium_balcony_5b
D:3:      layout_loops_corners
D:4:      layout_cave_pools, nicolae_elyvilon_temple_path,
          kennysheep_vampire_church, nicolae_wu_jian_immortal_techniques,
          uniq_menkaure

Skill      XL: |  1  2  3  4 |
---------------+-------------+-----
Fighting       | 2 |  2.0
Shapeshifting  | 4 |  4.0
Dodging        | |  2.7
Shields        | |  0.9
Unarmed Combat | |  3.5

Action                     |  1- 3 |  4- 6 || total
---------------------------+-------+-------++-------
  Melee: Unarmed           |    72 |    45 ||   117
         Constrict         |    20 |    12 ||    32
         Tentacles         |     8 |    10 ||    18
         Punch             |     2 |     1 ||     3
   Stab: Sleeping          |     6 |     1 ||     7
         Distracted        |       |     1 ||     1
 Armour: Skin              |    25 |    14 ||    39
  Dodge: Dodged            |    37 |    13 ||    50
  Block: Buckler           |     2 |     7 ||     9

Table legend: (Time is in decaauts)
 A = Elapsed time spent in this place.
 B = Non-inter-level travel time spent in this place.
 C = Inter-level travel time spent in this place.
 D = Time resting spent in this place.
 E = Time spent auto-exploring this place.
 F = Levels seen in this place.
 G = Mean time per level.
                   A        B        C        D        E       F      G
               +--------+--------+--------+--------+--------+-----+--------+
         Total |   2834 |   2707 |    127 |      0 |   2352 |   4 |  708.5 |
       Dungeon |   2834 |   2707 |    127 |      0 |   2352 |   4 |  708.5 |
               +--------+--------+--------+--------+--------+-----+--------+

Top non-repeatable levels by time:
     D:2: 1108 daAuts
     D:3: 864 daAuts
     D:1: 820 daAuts
     D:4: 40 daAuts
